 Dungeon Crawl Stone Soup version 0.31-b1-22-gc680215f68 (webtiles) character file.

Game seed: 8790918101114746748

266 Legs the Trooper (level 6, -7/56 HPs)
             Began as a Minotaur Berserker on Jan 18, 2024.
             Was a Believer of Trog.
             Mangled by an orc warrior
             ... wielding a +0 scimitar
              (12 damage)
             ... on level 4 of the Dungeon on Jan 19, 2024.
             The game lasted 00:12:44 (3664 turns).

Legs the Trooper (Minotaur Berserker)               Turns: 3664, Time: 00:12:45

Health: -7/56      AC:  9    Str: 24    XL:     6   Next: 0%
Magic:  5/5        EV:  9    Int:  4    God:    Trog [**....]
Gold:   132        SH:  0    Dex:  9    Spells: 5/5 levels left

rFire   . . .        c - +0 war axe (pain)
rCold   . . .        (no shield)
rNeg    . . .        h - +0 chain mail
rPois   .            (helmet restricted)
rElec   .            (no cloak)
rCorr   .            (no gloves)
SInv    +            (no boots)
Will    .....        (no amulet) Stlth
                     g - ring of see invisible
HPRegen 0.29/turn    (no ring)
MPRegen 0.09/turn

%: no passive effects
@: no status effects
A: horns 2, retaliatory headbutt
a: Renounce Religion, Berserk, Trog's Hand


You were on level 4 of the Dungeon.
You worshipped Trog.
Trog was pleased with you.
You visited 1 branch of the dungeon, and saw 4 of its levels.

You collected 187 gold pieces.
You spent 55 gold pieces at shops.

Inventory:

Hand Weapons
 c - a +0 war axe of pain (weapon)
Missiles
 b - 3 javelins (quivered)
 n - 3 boomerangs
Armour
 h - a +0 chain mail (worn)
Jewellery
 g - a ring of see invisible (left hand)
Wands
 f - a wand of iceblast (2)
Scrolls
 d - a scroll of silence
 i - a scroll of revelation {unknown}
 j - a scroll of fog {unknown}
 k - a scroll of enchant weapon
 m - a scroll of poison {unknown}
 p - 2 scrolls of vulnerability
Potions
 a - a potion of magic {unknown}
 e - a potion of curing {unknown}
 l - a potion of heal wounds
 o - a potion of brilliance {unknown}
 q - a potion of attraction {unknown}
 r - a potion of mutation {unknown}
 s - a potion of haste {unknown}


   Skills:
 + Level 5.0 Fighting
 + Level 3.7(4.8) Axes
 + Level 4.6(5.3) Maces & Flails
 + Level 0.1 Throwing
 + Level 4.1 Armour
 + Level 2.7 Dodging


You had 5 spell levels left.
You didn't know any spells.
Your spell library was empty.

Dungeon Overview and Level Annotations

Branches:
Dungeon (4/15)
 Temple: D:4-7

Altars:
Ashenzari
Kikubaaqudgha
Ru
Uskayaw
Zin
The Shining One

Shops:
D:2 *


Innate Abilities, Weirdness & Mutations

You have a pair of horns on your head.
You reflexively headbutt those who attack you in melee.


Message History

The orc warrior shoots an arrow.
The arrow barely misses you.
The orc priest calls upon Beogh to heal the orc warrior.
The orc warrior is healed somewhat.
The orc warrior shoots an arrow.
The arrow hits you but does no damage.
The orc priest hits you with a +4 dagger.
You hit the orc priest but do no damage.
The orc priest is heavily wounded.
The orc priest hits you with a +4 dagger.
You slash the orc priest!
You kill the orc priest!
Trog accepts your kill.
The orc warrior shoots an arrow.
The arrow completely misses you.
You have reached level 6!
You closely miss the orc wizard. Your headbutt misses the orc wizard.
The orc wizard is lightly wounded.
You hit the orc warrior but do no damage.
You headbutt the orc warrior.
The orc warrior is lightly wounded.
The orc warrior unwields a +0 orcbow.
The orc warrior wields a +0 scimitar.
The orc warrior closely misses you.
You closely miss the orc warrior. Your headbutt misses the orc warrior.
The orc warrior is lightly wounded.
The orc warrior closely misses you.
You barely miss the orc warrior.
The orc warrior is lightly wounded.
The orc warrior closely misses you.
You closely miss the orc warrior.
The orc warrior is lightly wounded.
The orc warrior hits you with a +0 scimitar.
You hit the orc warrior.
You headbutt the orc warrior, but do no damage.
The orc warrior is moderately wounded.
The orc warrior hits you with a +0 scimitar!
* * * LOW HITPOINT WARNING * * *
You slash the orc warrior!
The orc warrior is severely wounded.
The orc warrior hits you with a +0 scimitar.
* * * LOW HITPOINT WARNING * * *
The orc warrior hits you with a +0 scimitar!
You die...

######## ############# .......#
#...........##
.......###########............#
.......##≈≈≈≈§##o......)......#
.......##≈###≈##o#######.#.....
..........'_'..#@#$..$.#.......
'######.#≈###≈...#....!#.......
.# #..≈≈§§≈.#.#.._$$+......!
.######...####...#$$...#.####.#
.....##...# #.#.#.....#.# #
.....##.#.# #...#######..
.....#..#.# #.#........
.......##.####..........
.#.>....................


You could see an orc warrior and an orc wizard (invisible).

Vanquished Creatures
  A bombardier beetle (D:3)
  An orc priest (D:4)
  An orc wizard (D:4)
  2 adders (D:4)
  7 gnolls
  2 ufetubi (D:3)
  3 dart slugs
  2 ribbon worms (D:3)
  4 orcs
  2 bats
  6 endoplasms
  A giant cockroach (D:1)
  6 goblins
  10 hobgoblins
  4 jackals (D:4)
  4 kobolds
  2 quokkas (D:2)
  6 ball pythons
  2 frilled lizards
  3 rats
69 creatures vanquished.

Notes
Turn   | Place    | Note
-------+----------+-------------------------------------------
     0 | D:1      | Legs the Minotaur Berserker began the quest for the Orb.
     0 | D:1      | Reached XP level 1. HP: 19/19 MP: 0/0
   146 | D:1      | Reached XP level 2. HP: 24/27 MP: 1/1
   737 | D:1      | Reached skill level 4 in Fighting
  1128 | D:2      | Reached XP level 3. HP: 24/34 MP: 2/2
  1310 | D:2      | Found Jifiurche's General Store.
  1320 | D:2      | Bought a potion of heal wounds for 55 gold pieces
  1800 | D:3      | Reached XP level 4. HP: 35/41 MP: 3/3
  2028 | D:3      | Found a broken altar of Ashenzari.
  2035 | D:3      | Upgraded the game from 0.31-b1-20-g67cafac56d to
                  | 0.31-b1-22-gc680215f68
  2416 | D:3      | Reached ** piety under Trog
  2534 | D:3      | Reached skill level 1 in Axes
  2593 | D:3      | Found a hide-covered altar of Uskayaw.
  2706 | D:3      | Reached XP level 5. HP: 39/47 MP: 4/4
  2910 | D:3      | Found a glowing golden altar of the Shining One.
  3201 | D:3      | Found a glowing silver altar of Zin.
  3621 | D:4      | Found an ancient bone altar of Kikubaaqudgha.
  3626 | D:4      | Found a sacrificial altar of Ru.
  3634 | D:4      | Noticed an orc warrior
  3638 | D:4      | Reached skill level 5 in Fighting
  3658 | D:4      | Reached XP level 6. HP: 26/56 MP: 5/5
  3664 | D:4      | Mangled by an orc warrior

Illustrated notes

Levels and vault maps discovered:
D:1:      dpeg_arrival_short_road, layout_basic
D:2:      layout_loops_cross, serial_shops, nicolae_shop_trees
D:3:      layout_basic, nicolae_ashenzari_panopticon, zin_statuary,
          mainiacjoe_overflow_cross_hatched, nicolae_tso_swordbearing_angel,
          nicolae_hexahallways, minmay_goblin_kobold_house
D:4:      layout_basic, amcnicky_altar_gilded, kennysheep_mini_moat,
          minmay_snake_closets

Skill      XL: |  1  2  3  4  5 |
---------------+----------------+-----
Maces & Flails | 4 |  4.6
Fighting       | 4 5 |  5.0
Axes           | 2 3 |  3.7
Armour         | 3 4 |  4.1
Throwing       | |  0.1
Dodging        | |  2.7

Action                     |  1- 3 |  4- 6 || total
---------------------------+-------+-------++-------
  Melee: Mace              |    26 |       ||    26
         Headbutt          |     5 |    18 ||    23
         War axe           |    31 |    83 ||   114
  Throw: Javelin           |     1 |     3 ||     4
    Use: Scroll            |       |     4 ||     4
 Armour: Animal skin       |     5 |       ||     5
         Robe              |    10 |       ||    10
         Chain mail        |    31 |    98 ||   129
  Dodge: Dodged            |    41 |    69 ||   110
